[Event "CZE-tht Extraliga 2017-18"]
[Site "Czech Republic"]
[Date "2017.12.03"]
[Round "4.6"]
[White "Obsivac, Josef"]
[Black "Belunek, Vladimir"]
[Result "1-0"]
[ECO "D52"]
[WhiteElo "2338"]
[BlackElo "2214"]
[Annotator "RC"]
[PlyCount "69"]
[EventDate "2017.??.??"]
[EventType "team-tourn"]
[EventCountry "CZE"]
[SourceTitle "playchess.com"]
[Source "ChessBase"]
[SourceQuality "1"]
[TimeControl "40/5400+30:1800+30"]

1. d4 Nf6 2. c4 e6 3. Nf3 d5 4. Nc3 c6 5. Bg5 Nbd7 6. e3 Qa5 7. cxd5 exd5 8. Bd3 Ne4 9. O-O Nxg5 10. Nxg5 Be7 11. f4 Nf6 12. Qc2 h6 13. Nf3 O-O 14. h3 c5 15. Qf2 c4 16. Bc2 Bb4 17. Rfc1 Be6 18. Ne5 Bxc3 19. bxc3 Nd7 20. f5 Nxe5 21. dxe5 Bd7 22. f6 g6 23. Qg3 Kh7 24. Rab1 Qc7 25. Rd1 Be6 26. Rd4 Rh8 27. Rbd1 Rad8 28. Kh1 b5 29. Rf1 Rd7 30. Rf3 Qb8 31. Rh4 Qf8 32. Rff4 a5 33. Rh5 b4 34. Rfh4 Kg8 35. Bxg6 1-0

[Event "CZE-tht Extraliga 2017-18"]
[Site "Czech Republic"]
[Date "2017.12.03"]
[Round "4.8"]
[White "Vyskocil, Neklan"]
[Black "Jasny, Stanislav"]
[Result "0-1"]
[ECO "B07"]
[WhiteElo "2321"]
[BlackElo "2362"]
[Annotator "RC"]
[PlyCount "144"]
[EventDate "2017.??.??"]
[EventType "team-tourn"]
[EventCountry "CZE"]
[SourceTitle "playchess.com"]
[Source "ChessBase"]
[SourceQuality "1"]
[TimeControl "40/5400+30:1800+30"]

1. e4 d6 2. d4 Nf6 3. Nc3 g6 4. Bc4 Bg7 5. Qe2 c6 6. e5 dxe5 7. dxe5 Nd5 8. Bd2 O-O 9. O-O-O Na6 10. Nf3 Nac7 11. Rhe1 b5 12. Bxd5 Nxd5 13. Kb1 Nxc3+ 14. Bxc3 Qb6 15. Qd2 c5 16. e6 Bxe6 17. Bxg7 Kxg7 18. Ng5 Rad8 19. Qc3+ Kg8 20. Nxe6 fxe6 21. Rxd8 Rxd8 22. b3 Rd6 23. h4 c4 24. Re3 Qc5 25. b4 Qd4 26. Qxd4 Rxd4 27. g3 Kf7 28. Kb2 a6 29. Rf3+ Ke8 30. Re3 Rd6 31. Kc3 h5 32. a4 Kd7 33. axb5 axb5 34. Rf3 e5 35. Rf8 Rf6 36. Rb8 Rf3+ 37. Kb2 Kc6 38. Rg8 Rxf2 39. Rxg6+ Kd5 40. Rg5 Rg2 41. Rxh5 Rxg3 42. Rh7 Kd6 43. Rh6+ e6 44. Rh8 Rh3 45. Rd8+ Kc6 46. Rc8+ Kd5 47. Rd8+ Ke4 48. Re8 Kd4 49. Rd8+ Ke3 50. Rb8 e4 51. Rxb5 Kf2 52. Re5 e3 53. b5 e2 54. b6 Rxh4 55. Rxe6 Rh6 56. b7 Rxe6 57. b8=Q e1=Q 58. Qf4+ Kg2 59. Qg4+ Kh2 60. Qh5+ Kg3 61. Qg5+ Kh3 62. Qf5+ Kh4 63. Qf4+ Kh5 64. Qf5+ Kh6 65. Qf4+ Kg7 66. Qg4+ Kf7 67. Qf5+ Ke7 68. Qc5+ Kd7 69. Qd5+ Rd6 70. Qb7+ Ke6 71. Qc8+ Ke7 72. Qb7+ Rd7 0-1